 Dungeon Crawl Stone Soup version 0.31-a0-1068-g5939ac1fb6 (webtiles) character file.

Game seed: 8174708460826196723

93 Maratek the Trooper (level 4, 0/37 HPs)
             Began as a Demonspawn Fighter on Nov 24, 2023.
             Slain by Jessica
             ... wielding a +5 dagger of freezing
              (3 damage)
             ... on level 2 of the Dungeon.
             The game lasted 00:02:42 (1017 turns).

Maratek the Trooper (Demonspawn Fighter)            Turns: 1017, Time: 00:02:44

Health: 0/37       AC:  8    Str: 16    XL:     4   Next: 36%
Magic:  4/4        EV:  8    Int: 10    God:
Gold:   79         SH:  5    Dex: 14    Spells: 3/3 levels left

rFire   . . .        a - +0 long sword
rCold   . . .        c - +0 buckler
rNeg    . . .        b - +0 scale mail
rPois   .            (helmet restricted)
rElec   .            (no cloak)
rCorr   .            (no gloves)
SInv    .            g - +0 pair of boots
Will    .....        (no amulet) Stlth
                     (no ring)
HPRegen 0.26/turn    (no ring)
MPRegen 0.09/turn

%: no passive effects
@: no status effects
A: antennae 2, spiny 1
a: no special abilities


You were on level 2 of the Dungeon.
You visited 1 branch of the dungeon, and saw 2 of its levels.

You collected 79 gold pieces.

Inventory:

Hand Weapons
 a - a +0 long sword (weapon)
Armour
 b - a +0 scale mail (worn)
 c - a +0 buckler (worn)
 g - a +0 pair of boots (worn)
Scrolls
 i - a scroll of butterflies {unknown}
 m - a scroll of immolation {unknown}
Potions
 d - a potion of might
 e - a potion of invisibility
 f - a potion of berserk rage {unknown}
 h - a potion of cancellation {unknown}
 j - a potion of heal wounds {unknown}
 k - a potion of mutation {unknown}
 l - 2 potions of attraction {unknown}


   Skills:
 + Level 3.6 Fighting
 + Level 2.6 Long Blades
 + Level 3.3 Armour
 + Level 3.2 Shields


You had 3 spell levels left.
You didn't know any spells.
Your spell library was empty.

Dungeon Overview and Level Annotations

Branches:
Dungeon (2/15)

Altars:

Annotations:
D:2 Jessica


Innate Abilities, Weirdness & Mutations

You have a pair of antennae on your head.
You are partially covered in sharp spines.


Message History

The endoplasm freezes you.
You are frozen.
You barely miss the endoplasm. The endoplasm hits you.
You slash the endoplasm!
You kill the endoplasm!
No target in view!
No target in view!
No target in view!
No target in view!
No target in view!
No target in view!
No target in view!
No target in view!
No target in view!
No target in view!
No target in view!
m - a scroll labelled XEOGOPS SIEL Jessica the Apprentice Sorceress comes into view.
She is wielding a +5 dagger of freezing and wearing a +2 robe of willpower.
Found a scroll labelled FUCSOI WUIDGHIU.
Jessica shouts!
Jessica is nearby!
Jessica is nearby!
Jessica casts a spell at you. Pain shoots through your body!
Jessica shouts, "I don't like beings like you!"
Jessica gestures wildly while chanting.
Jessica blinks!
Jessica hits you with a +5 dagger of freezing.
Jessica freezes you.
You hit Jessica.
Jessica is moderately wounded.
Jessica barely misses you.
You hit Jessica.
Jessica is heavily wounded.
Jessica hits you with a +5 dagger of freezing!
Jessica freezes you.
Jessica hits you with a +5 dagger of freezing!
* * * LOW HITPOINT WARNING * * *
Jessica freezes you.
You die...

##########
#.........
#.########
#.#####.#####
#..........@#
#.#
#######.###@#
#.####### #.#
#.# ........#
#.# #..# ...#
#.####.####.#
...# #..(....#
.# ...#
#†####..# ?#
#..# #[#
#.......
.).####.#
##.###.#
##......#####.#
.#


You could see Jessica.

Vanquished Creatures
  Terence (D:2)
  Natasha (D:2)
  A worm (D:2)
  A dart slug (D:2)
  3 ball pythons
  3 endoplasms
  3 giant cockroaches (D:1)
  4 goblins
  A hobgoblin (D:1)
  3 quokkas
  7 bats
  A frilled lizard (D:1)
  7 kobolds
  A rat (D:2)
37 creatures vanquished.

Notes
Turn   | Place    | Note
-------+----------+-------------------------------------------
     0 | D:1      | Maratek the Demonspawn Fighter began the quest for the Orb.
     0 | D:1      | Reached XP level 1. HP: 18/18 MP: 1/1
   130 | D:1      | Found a faded altar of an unknown god.
   133 | D:1      | Gained mutation: You are partially covered in sharp spines.
                  | [demonic ancestry]
   133 | D:1      | Reached XP level 2. HP: 22/24 MP: 2/2
   698 | D:2      | Gained mutation: You have a pair of small antennae on your
                  | head. [demonic ancestry]
   698 | D:2      | Reached XP level 3. HP: 15/29 MP: 3/3
   769 | D:2      | Noticed Terence
   790 | D:2      | Killed Terence
   953 | D:2      | Noticed Natasha
   960 | D:2      | Killed Natasha
   961 | D:2      | Gained mutation: You have a pair of antennae on your head.
                  | [demonic ancestry]
   961 | D:2      | Reached XP level 4. HP: 37/37 MP: 4/4
  1012 | D:2      | Noticed Jessica
  1017 | D:2      | Slain by Jessica

Illustrated notes

Levels and vault maps discovered:
D:1:      matt_arrival_refuge, layout_rooms, hellmonk_ecumenical_altar_lost_god,
          serial_aquarium, aquarium_bridge_square [aquarium_subvault_bridge,
          aquarium_subvault_window, aquarium_subvault_bridge,
          aquarium_subvault_bridge], aquarium_window_corner, aquarium_window_1,
          aquarium_window_corner, aquarium_view_2d
D:2:      layout_loops_ring, basic_altar, uniq_terence, uniq_jessica,
          uniq_natasha

Skill      XL: |  1  2 |
---------------+-------+-----
Long Blades    | 2 |  2.6
Armour         | 3 |  3.3
Shields        | 3 |  3.2
Fighting       | |  3.6

Action                     |  1- 3 |  4- 6 || total
---------------------------+-------+-------++-------
  Melee: Long sword        |    95 |     5 ||   100
    Use: Scroll            |     3 |       ||     3
 Armour: Scale mail        |    67 |     4 ||    71
  Dodge: Dodged            |    39 |     2 ||    41
  Block: Buckler           |    28 |       ||    28

Table legend: (Time is in decaauts)
 A = Elapsed time spent in this place.
 B = Non-inter-level travel time spent in this place.
 C = Inter-level travel time spent in this place.
 D = Time resting spent in this place.
 E = Time spent auto-exploring this place.
 F = Levels seen in this place.
 G = Mean time per level.
                   A        B        C        D        E       F      G
               +--------+--------+--------+--------+--------+-----+--------+
         Total |   1049 |   1038 |     11 |      0 |    786 |   2 |  524.5 |
       Dungeon |   1049 |   1038 |     11 |      0 |    786 |   2 |  524.5 |
               +--------+--------+--------+--------+--------+-----+--------+

Top non-repeatable levels by time:
     D:1: 674 daAuts
     D:2: 374 daAuts
